 Dungeon Crawl Stone Soup version 0.29.1-14-g9c671dbff4 (webtiles) character file.

Game seed: 2717059428311584915

961 sanboga the Shield-Bearer (level 8, 0/50 HPs)
             Began as a Gargoyle Fighter on Feb 14, 2023.
             Was a Follower of Trog.
             Slain by a gnoll
             ... wielding a +0 spear
             ... led by a gnoll sergeant
              (2 damage)
             ... on level 5 of the Dungeon.
             The game lasted 00:03:54 (4476 turns).

sanboga the Shield-Bearer (Gargoyle Fighter)        Turns: 4476, Time: 00:03:55

Health: 0/50       AC: 16    Str: 23    XL:     8   Next: 15%
Magic:  8/8        EV:  9    Int:  8    God:    Trog [*.....]
Gold:   44         SH:  5    Dex:  9    Spells: 7/7 levels left

rFire   . . .      SeeInvis +   a - +0 war axe
rCold   . . .      Faith    .   c - +0 buckler
rNeg    + . .      Spirit   .   b - +0 scale mail
rPois   ∞          Reflect  .   s - +2 helmet {SInv}
rElec   +          Harm     .   (no cloak)
rCorr   .          Rampage  .   (no gloves)
Will    +....                   (no boots)
Stlth   ..........              (no amulet)
HPRegen 0.16/turn               e - ring of willpower
MPRegen 0.11/turn               (no ring)

@: mighty
A: sickness immunity, AC +5, negative energy resistance 1, electricity
resistance, torment resistance 1, petrification resistance
a: Renounce Religion, Berserk


You were on level 5 of the Dungeon.
You worshipped Trog.
Trog was aware of your devotion.
You visited 2 branches of the dungeon, and saw 6 of its levels.

You collected 186 gold pieces.
You spent 142 gold pieces at shops.

Inventory:

Hand Weapons
 a - a +0 war axe (weapon)
Armour
 b - a +0 scale mail (worn)
 c - a +0 buckler (worn)
 s - a +2 helmet of see invisible (worn)
Jewellery
 e - a ring of willpower (left hand)
Wands
 w - a wand of quicksilver (5)
Scrolls
 g - 2 scrolls of fear {unknown}
 h - 2 scrolls of teleportation {unknown}
 i - 2 scrolls of poison {unknown}
 j - a scroll of amnesia {unknown}
 o - a scroll of brand weapon {unknown}
 q - a scroll of enchant armour {unknown}
 u - a scroll of enchant weapon {unknown}
 v - a scroll of noise {unknown}
 x - a scroll of identify {unknown}
Potions
 f - 3 potions of flight
 k - a potion of lignification {unknown}
 l - a potion of ambrosia {unknown}
 m - a potion of heal wounds
 n - a potion of degeneration {unknown}
 p - 2 potions of cancellation {unknown}
 r - a potion of curing {unknown}
 t - a potion of haste {unknown}


   Skills:
 + Level 5.5 Fighting
 * Level 5.5 Axes
 + Level 5.5 Armour
 + Level 5.5 Shields


You had 7 spell levels left.
You didn't know any spells.
Your spell library contained the following spells:

 Spells                   Type           Power      Damage    Failure   Level
 Slow                     Hex            0%         N/A       80%         1
 Confusing Touch          Hex            0%         N/A       99%         3
 Gell's Gravitas          Tloc           0%         N/A       99%         3
 Ignite Poison            Fire/Tmut/Pois 0%         N/A       99%         3
 Lesser Beckoning         Tloc           0%         N/A       99%         3
 Mephitic Cloud           Conj/Pois/Air  0%         N/A       99%         3
 Portal Projectile        Hex/Tloc       0%         N/A       99%         3
 Teleport Other           Tloc           0%         N/A       99%         3
 Tukima's Dance           Hex            0%         N/A       99%         3
 Vampiric Draining        Necr           0%         2d6       99%         3
 Blade Hands              Tmut           0%         N/A       100%        5
 Freezing Cloud           Conj/Ice/Air   0%         6-21      100%        5


Dungeon Overview and Level Annotations

Branches:
Dungeon (5/15)             Temple (1/1) D:4

Altars:
Ashenzari
Elyvilon
Fedhas
Gozag
Hepliaklqana
Nemelex Xobeh
Ru
Sif Muna
Trog
Uskayaw
Wu Jian
Xom
Yredelemnul
The Shining One

Shops:
D:2 [

Annotations:
D:3 2 transporters, CrabNicholson's ghost, weakling DjIE


Innate Abilities, Weirdness & Mutations

You are immune to sickness and miasma.
Your stone body is resilient. (AC +5)
You are immune to poison.
You resist negative energy. (rN+)
You are resistant to electric shocks. (rElec)
You are resistant to unholy torment.
You are immune to petrification.


Message History

You kill the orc!
Trog accepts your kill.
You barely miss the scorpion.
The scorpion stings you but does no damage.
The orc barely misses you. The scorpion stings you.
The orc hits you but does no damage.
A gnoll comes into view. It is wielding a +0 flail.
You closely miss the scorpion.
The scorpion is severely wounded.
The scorpion closely misses you. The orc hits you but does no damage.
You closely miss the scorpion.
The scorpion is severely wounded.
The scorpion barely misses you. The orc completely misses you.
The scorpion stings you but does no damage.
You slash the scorpion!
You kill the scorpion!
Trog accepts your kill.
The orc closely misses you. 2 gnolls come into view.
The gnoll shouts! x2
The gnoll hits you but does no damage. The gnoll sergeant closely misses you.
The orc hits you with a +0 trident.
* * * LOW HITPOINT WARNING * * *
You slice the gnoll sergeant!!
The gnoll sergeant is severely wounded.
You slash the orc!
You kill the orc!
Trog accepts your kill. The gnoll hits you but does no damage.
A gnoll comes into view. It is wielding a +0 whip.
The gnoll sergeant hits you but does no damage.
You hit the gnoll sergeant.
The gnoll sergeant is almost dead.
The gnoll hits you but does no damage. The gnoll sergeant closely misses you.
The gnoll sergeant hits you with a +1 spear of pain!
* * * LOW HITPOINT WARNING * * *
The gnoll hits you with a +0 flail.
* * * LOW HITPOINT WARNING * * *
The gnoll hits you from afar with a +0 spear.
You die...

...............
...(............
.....g..........
................
.....gg..........
..........!........
........ggg).......
..........@).......
..........).)......
..........)).......
..................#
................?.#
................!.#
######
#######.###########
#..... #......#
##..#. ... #......#
##########....


You could see a gnoll sergeant and 5 gnolls.

Vanquished Creatures
  Grinder (D:3)
  Sigmund (D:3)
  An ogre (D:4)
  A phantom (D:4)
  A scorpion (D:5)
  A howler monkey (D:4)
  3 orc priests
  A jelly (D:5)
  2 iguanas (D:4)
  2 orc wizards (D:4)
  4 adders
  A white imp (D:5)
  3 dart slugs
  13 orcs
  7 endoplasms
  4 giant cockroaches
  9 goblins
  6 hobgoblins
  4 jackals
  A quokka (D:4)
  7 ball pythons
  5 bats
  4 frilled lizards
  3 kobolds
  2 rats
87 creatures vanquished.

Vanquished Creatures (others)
  An orc wizard (D:3)
  3 plants (D:2)
4 creatures vanquished.

Grand Total: 91 creatures vanquished

Notes
Turn   | Place    | Note
-------+----------+-------------------------------------------
     0 | D:1      | sanboga the Gargoyle Fighter began the quest for the Orb.
     0 | D:1      | Reached XP level 1. HP: 14/14 MP: 1/1
   184 | D:1      | Reached XP level 2. HP: 19/19 MP: 2/2
   954 | D:2      | Reached XP level 3. HP: 23/23 MP: 3/3
  1271 | D:2      | Found a glowing golden altar of the Shining One.
  1332 | D:2      | Reached XP level 4. HP: 29/29 MP: 4/4
  1454 | D:2      | Found a faded altar of an unknown god.
  1536 | D:2      | Found Rabif's Antique Armour Shoppe.
  1939 | D:3      | Identified the +0 giant spiked club of Iteve {drain, rPois
                  | rF+ rCorr Int+3}
  1939 | D:3      | Noticed an ogre
  1939 | D:3      | Noticed CrabNicholson's ghost (weakling DjIE)
  1940 | D:3      | Noticed an ogre
  1943 | D:3      | Noticed an ogre
  2315 | D:3      | Noticed Grinder
  2324 | D:3      | Killed Grinder
  2325 | D:3      | Reached XP level 5. HP: 16/34 MP: 5/5
  2325 | D:3      | Reached XP level 6. HP: 18/39 MP: 6/6
  2528 | D:3      | Noticed Sigmund
  2541 | D:3      | Killed Sigmund
  2592 | D:3      | Found a shimmering blue altar of Sif Muna.
  2727 | D:3      | Found a transporter.
  2734 | D:3      | Found a transporter.
  2734 | D:3      | Identified the +5 quarterstaff of Kismet {flame, rElec rF+
                  | Str+2 Stlth-}
  2921 | D:4      | Found a staircase to the Ecumenical Temple.
  2942 | D:4      | Reached XP level 7. HP: 33/44 MP: 7/7
  2957 | Temple   | Entered the Ecumenical Temple
  3035 | Temple   | Became a worshipper of Trog the Wrathful
  3304 | D:4      | Reached skill level 5 in Armour
  3309 | D:4      | Reached skill level 5 in Shields
  3460 | D:4      | Found an ornate altar of the Wu Jian Council.
  3477 | D:4      | Reached skill level 5 in Fighting
  3609 | D:2      | Bought a glowing helmet for 142 gold pieces
  3784 | D:4      | Found a hide-covered altar of Uskayaw.
  3805 | D:4      | Reached skill level 5 in Axes
  3979 | D:4      | Reached * piety under Trog
  4270 | D:5      | Entered Level 5 of the Dungeon
  4470 | D:5      | Reached XP level 8. HP: 19/50 MP: 8/8
  4476 | D:5      | HP: 2/50 [gnoll/+0 flail[a gnoll sergeant] (5)]
  4476 | D:5      | Slain by a gnoll

Illustrated notes

Levels and vault maps discovered:
D:1:      dpeg_arrival_rooms_a, layout_loops_ring
D:2:      layout_basic, serial_bayou, serial_bayou_ford_a,
          serial_bayou_lagoon_a, serial_bayou_pond_b, serial_bayou_shore_b,
          serial_shops, nicolae_shop_behind_doors, basic_altar,
          nicolae_ecumenical_oubliette, minmay_misc_feat_roman,
          dk_noncrumbling_4
D:3:      layout_loops_ring, led_sif_book, gammafunk_ghost_smash, uniq_sigmund,
          uniq_grinder
D:4:      layout_loops_ring, mainiacjoe_overflow_tiny_flanked,
          mainiacjoe_overflow_catwalk, minmay_temple_entry_glassed_door
D:5:      layout_basic, lemuel_doored_altar, zin_angel, serial_shops, shop,
          nrook_campfire
Temple:   zaba_magenta_temple

Skill      XL: |  1  2  3  4  5  6  7 |
---------------+----------------------+-----
Axes           | 2 3 4 5 |  5.5
Fighting       | 4 5 |  5.5
Armour         | 4 5 |  5.5
Shields        | 4 5 |  5.5

Action                   |  1- 3 |  4- 6 |  7- 9 || total
-------------------------+-------+-------+-------++-------
Melee: War axe           |    87 |    42 |   125 ||   254
  Use: Scroll            |       |     1 |       ||     1
       Potion            |       |       |     4 ||     4
Armor: Scale mail        |    50 |    24 |   104 ||   178
Dodge: Dodged            |    41 |    25 |    77 ||   143
Block: Buckler           |    21 |     8 |    30 ||    59
